 Dungeon Crawl Stone Soup version 0.19.1-1-g22dce08 (webtiles) character file.

1374 dngmouse the Cleaver (level 8, -7/68 HPs)
             Began as a Minotaur Monk on Jan 17, 2017.
             Was a Priest of Okawaru.
             Mangled by a komodo dragon (29 damage)
             ... on level 5 of the Dungeon.
             The game lasted 00:29:11 (5796 turns).

dngmouse the Cleaver (Minotaur Monk)                Turns: 5796, Time: 00:29:12

Health: -7/68      AC:  6    Str: 14 (17) XL:     8   Next: 39%
Magic:  0/7        EV: 10    Int:  4 (7)  God:    Okawaru [***...]
Gold:   360        SH:  0    Dex: 14      Spells: 0 memorised, 7 levels left

rFire  . . .     SeeInvis +     a - +0 war axe
rCold  . . .     Gourm    .     n - +0 scale mail
rNeg   . . .     Faith    .     (no shield)
rPois  .         Spirit   +     (helmet restricted)
rElec  .         Reflect  .     (no cloak)
rCorr  .         Harm     .     (no gloves)
MR     .....                    (no boots)
Stlth  ..........               g - amulet of guardian spirit
                                u - ring of see invisible
                                q - ring of wizardry

@: no status effects
A: retaliatory headbutt, horns 2
a: Heroism, Renounce Religion


You were on level 5 of the Dungeon.
You worshipped Okawaru.
Okawaru was most pleased with you.
You were hungry.

You visited 2 branches of the dungeon, and saw 6 of its levels.
You also visited: Ossuary.

You collected 360 gold pieces.

Inventory:

Hand Weapons
 a - a +0 war axe (weapon)
Missiles
 B - 2 tomahawks (quivered)
Armour
 n - a +0 scale mail (worn)
Jewellery
 g - an amulet of guardian spirit (around neck)
 q - a ring of wizardry (left hand)
 u - a ring of see invisible (right hand)
Scrolls
 b - 3 scrolls of teleportation {unknown}
 d - 2 scrolls of blinking {unknown}
 i - 6 scrolls of identify {unknown}
 l - a scroll of fog {unknown}
 p - a scroll of amnesia {unknown}
 r - a scroll of magic mapping {unknown}
 w - 2 scrolls of remove curse {unknown}
 x - 2 scrolls of noise {unknown}
 y - a scroll of enchant weapon {unknown}
Potions
 e - 2 potions of degeneration
 j - a potion of flight
 k - a potion of curing
 o - a potion of invisibility
 t - a potion of ambrosia
Comestibles
 c - 5 bread rations
 f - 2 meat rations
 h - a fruit
 m - 2 beef jerkies
 z - 2 royal jellies


   Skills:
 + Level 5.1 Fighting
 - Level 12.0 Axes
 - Level 3.2 Dodging
 - Level 1.5 Stealth


You had 7 spell levels left.
You didn't know any spells.

Dungeon Overview and Level Annotations

Branches:
Dungeon (5/15)             Temple (1/1) D:5

Altars:
Ashenzari
Elyvilon
Fedhas
Gozag
Hepliaklqana
Kikubaaqudgha
Makhleb
Nemelex Xobeh
Okawaru
Ru
Sif Muna
Uskayaw
Xom
Zin
The Shining One


Innate Abilities, Weirdness & Mutations

You reflexively headbutt those who attack you in melee.
You have a pair of horns on your head.


Message History

Things that are here:
a dagger of venom; an orc skeleton You closely miss the komodo dragon.
Your headbutt misses the komodo dragon. You slash the komodo dragon!
Your headbutt misses the komodo dragon.
The komodo dragon is moderately wounded.
The komodo dragon bites you!
You slash the komodo dragon!
The komodo dragon is heavily wounded.
The komodo dragon bites you!
You barely miss the komodo dragon.
You headbutt the komodo dragon, but do no damage.
The komodo dragon is heavily wounded.
The komodo dragon bites you!
You hit the komodo dragon.
The komodo dragon is heavily wounded.
The komodo dragon barely misses you.
You hit the komodo dragon but do no damage.
The komodo dragon is heavily wounded.
The komodo dragon bites you!!
You die...

####...######..####.#####.#.#####
#....# ##.# #.^# #........ ##...#
#(###.## ##≈≈.≈... ####....####
#.#...##### #≈≈≈♣P≈P
...........###.......... #.≈≈≈≈≈≈
....#.##.#..#........... ##PPP≈P≈
........................ ###..PP
.................l...... ......
#.......>≈P.....@....... #....P
.........≈♣≈P........... ..#
...#....♣≈≈≈............ #.....P
.........≈P.............


#.PPPP≈ ........................ ##PPP≈≈≈ ...#.#...#..#.....[..... .PP≈≈♣≈P
...#..........#.....#### .≈≈PPPP. ###...###...#.####...( ..≈P.P.. .#.
##..#....#.#### .P≈≈.... You could see a komodo dragon.

Vanquished Creatures
  The ghost of loralnil the Digger, a novice GrEE (D:5)
  A black bear (D:5)
  A sky beast (D:5)
  2 ogres
  An elf zombie (Ossuary)
  A scorpion (D:4)
  The ghost of dscm the Sneak, a weakling KoEn (D:4)
  A crimson imp (D:3)
  2 centaur zombies (Ossuary)
  An iguana (D:4)
  An orc priest (D:4)
  Jessica (D:2)
  Terence (D:2)
  3 orc wizards
  2 worker ants
  3 big kobold zombies (Ossuary)
  A hound zombie (Ossuary)
  3 mummies (Ossuary)
  7 adders
  3 gnolls (D:4)
  A shadow imp (D:5)
  An ooze (D:1)
  4 adder zombies (Ossuary)
  2 worms
  2 dart slugs (D:1)
  3 leopard geckos
  7 orcs
  A giant cockroach (D:4)
  8 goblins
  4 hobgoblins
  10 jackals
  9 kobolds
  4 quokkas
  5 bats
  6 frilled lizards
  3 goblin zombies (Ossuary)
  2 hobgoblin zombies (Ossuary)
  3 jackal zombies (Ossuary)
  7 kobold zombies (Ossuary)
  An orc zombie (Ossuary)
  4 quokka zombies (Ossuary)
  10 rats
  4 rat zombies (Ossuary)
138 creatures vanquished.

Vanquished Creatures (others)
  2 plants (D:5)
2 creatures vanquished.

Grand Total: 140 creatures vanquished

Notes
Turn   | Place    | Note
-------+----------+-------------------------------------------
     0 | D:1      | dngmouse the Minotaur Monk began the quest for the Orb.
     0 | D:1      | Reached XP level 1. HP: 19/19 MP: 0/0
   259 | D:1      | Reached skill level 4 in Axes
   259 | D:1      | Reached XP level 2. HP: 27/27 MP: 1/1
   664 | D:1      | Reached XP level 3. HP: 30/33 MP: 0/2
  1095 | D:2      | Noticed Terence
  1095 | D:2      | Reached skill level 5 in Axes
  1436 | D:2      | Noticed Jessica
  1442 | D:2      | Killed Jessica
  1442 | D:2      | Reached XP level 4. HP: 40/40 MP: 3/3
  1515 | D:2      | Reached skill level 6 in Axes
  1674 | D:2      | Killed Terence
  1810 | D:2      | Reached XP level 5. HP: 43/46 MP: 4/4
  2288 | D:3      | Found an iron altar of Okawaru.
  2320 | D:3      | Became a worshipper of Warmaster Okawaru
  2320 | D:3      | Reached * piety under Okawaru
  2320 | D:3      | Reached ** piety under Okawaru
  2326 | D:3      | Reached skill level 7 in Axes
  2615 | D:3      | Found a sparkling altar of Nemelex Xobeh.
  3067 | D:4      | Noticed dscm's ghost (weakling KoEn)
  3081 | D:4      | Killed dscm's ghost
  3094 | D:4      | Found a sand-covered staircase.
  3100 | Ossuary  | Entered an ossuary
  3126 | Ossuary  | Reached XP level 6. HP: 39/52 MP: 3/5
  3218 | Ossuary  | Reached skill level 8 in Axes
  3542 | Ossuary  | Reached skill level 9 in Axes
  3637 | Ossuary  | Reached XP level 7. HP: 38/59 MP: 4/6
  3710 | D:4      | Found a glowing golden altar of the Shining One.
  3899 | D:4      | Reached skill level 10 in Axes
  3966 | D:4      | Reached *** piety under Okawaru
  4494 | D:4      | Found a sacrificial altar of Ru.
  4804 | D:5      | Entered Level 5 of the Dungeon
  4853 | D:5      | Reached skill level 11 in Axes
  4948 | D:5      | Reached XP level 8. HP: 26/66 MP: 2/7
  5192 | D:5      | Noticed loralnil's ghost (novice GrEE)
  5268 | D:5      | Killed loralnil's ghost
  5268 | D:5      | Reached skill level 12 in Axes
  5460 | D:5      | Reached skill level 5 in Fighting
  5472 | D:5      | Found a staircase to the Ecumenical Temple.
  5557 | D:5      | Found a deep blue altar of Sif Muna.
  5570 | D:5      | Noticed a komodo dragon
  5589 | Temple   | Entered the Ecumenical Temple
  5796 | D:5      | Mangled by a komodo dragon

Skill      XL: |  1  2  3  4  5  6  7  8 |
---------------+-------------------------+-----
Axes           | 4 5 6 7 9 11 12 | 12.0
Fighting       | 4 5 |  5.1
Dodging        | |  3.2
Stealth        | |  1.5

Action                   |  1- 3 |  4- 6 |  7- 9 || total
-------------------------+-------+-------+-------++-------
Melee: Hand axe          |    79 |    42 |       ||   121
       Headbutt          |     4 |    52 |    16 ||    72
       War axe           |       |   182 |   100 ||   282
Throw: Stone             |     2 |       |       ||     2
  Use: Potion            |       |       |    10 ||    10
 Stab: Sleeping          |     3 |       |     1 ||     4
  Eat: Chunk             |     1 |     6 |     7 ||    14
       Pizza             |       |     1 |       ||     1
Armor: Robe              |     6 |       |       ||     6
       Scale mail        |     3 |    77 |    30 ||   110
Dodge: Dodged            |    41 |   100 |    38 ||   179
